 Dungeon Crawl Stone Soup version 0.23.2-1-ga50397a (webtiles) character file.

Game seed: 11035858512721309662

259 schauveau the Shooter (level 5, 0/45 HPs)
             Began as a Centaur Hunter on May 2, 2019.
             Slain by a bullfrog (5 damage)
             ... in a sewer.
             The game lasted 00:04:33 (3644 turns).

schauveau the Shooter (Centaur Hunter)              Turns: 3644, Time: 00:04:34

Health: 0/45       AC:  4    Str: 15    XL:     5   Next: 95%
Magic:  5/5        EV:  9    Int: 10    God:
Gold:   45         SH:  0    Dex: 10    Spells: 4/4 levels left

rFire    . . .     SeeInvis .   a - +1 shortbow
rCold    . . .     Gourm    .   (shield currently unavailable)
rNeg     . . .     Faith    .   c - +0 leather armour
rPois    .         Spirit   .   (no helmet)
rElec    .         Reflect  .   (no cloak)
rCorr    .         Harm     .   (no gloves)
MR       .....                  (no barding)
Stlth    +.........             (no amulet)
HPRegen  0.15/turn              (no ring)
MPRegen  0.09/turn              (no ring)

@: very quick
A: large, hooves 3, deformed body, speed 2, tough skin 3
a: no special abilities


You were in a sewer.
You were not hungry.

You visited 1 branch of the dungeon, and saw 4 of its levels.
You also visited: Sewer.

You collected 45 gold pieces.

Inventory:

Hand Weapons
 a - a +1 shortbow (weapon)
 b - a +1 dagger of draining
 e - a +0 short sword
 p - a +2 antimagic dagger
Missiles
 d - 31 arrows (quivered)
Armour
 c - a +0 leather armour (worn)
Jewellery
 m - a +3 amulet of reflection
 o - a cursed ring of teleportation {unknown}
Scrolls
 h - 2 scrolls of teleportation {unknown}
 i - 3 scrolls of identify {unknown}
 k - a scroll of remove curse {unknown}
 l - 2 scrolls of random uselessness {unknown}
Potions
 g - 2 potions of curing {unknown}
 j - a potion of magic {unknown}
 n - 2 potions of degeneration {unknown}
Comestibles
 f - 4 rations
 q - 5 chunks of flesh


   Skills:
 + Level 3.0 Fighting
 + Level 2.9 Short Blades
 + Level 6.4 Bows
 + Level 1.6 Armour
 + Level 1.9 Dodging
 + Level 0.4 Stealth


You had 4 spell levels left.
You didn't know any spells.
Your spell library contained the following spells:

 Spells                   Type           Power        Failure   Level  Hunger
 Corona                   Hex            #......      43%         1    ##.....
 Ensorcelled Hibernation  Hex/Ice        #.....       56%         2    ###....
 Confuse                  Hex            #.......     80%         3    ####...
 Dazzling Spray           Conj/Hex       #.....       80%         3    ####...
 Tukima's Dance           Hex            #.......     80%         3    ####...


Dungeon Overview and Level Annotations

Branches:
Dungeon (4/15)
 Temple: D:4-7

Altars:
Fedhas
Qazlal


Innate Abilities, Weirdness & Mutations

You have hooves in place of feet.
Armour fits poorly on your strangely shaped body.
You cover ground very quickly.
You have extremely tough skin. (AC +3)


Message History

The bullfrog hits you but does no damage.
The bullfrog closely misses you.
a - a +1 shortbow (weapon)
The bullfrog closely misses you. The bullfrog hits you.
* * * LOW HITPOINT WARNING * * *
Firing (i - inventory)
d - 33 arrows (quivered)
Press: ? - help, Shift-Dir - straight line, f - bullfrog
Aim: a bullfrog (moderately wounded, lightly drained)
You shoot an arrow. The arrow hits the bullfrog.
The bullfrog is severely wounded.
The bullfrog misses you. The bullfrog closely misses you.
The bullfrog hits you.
* * * LOW HITPOINT WARNING * * *
Firing (i - inventory)
d - 32 arrows (quivered)
Press: ? - help, Shift-Dir - straight line, f/p - bullfrog
Aim: a bullfrog (severely wounded, lightly drained)
You shoot an arrow. The arrow hits the bullfrog.
The bullfrog is almost dead.
The bullfrog completely misses you. The bullfrog hits you.
You die...

##÷÷≈## ≈≈≈..≈.≈##†..##≈≈.##
#≈≈†≈# l.[?.≈.≈#≈≈≈≈#≈≈≈.#
#.≈≈≈# ..$$.≈.#.≈≈≈#.≈.∩#
#≈..≈# ≈)≈≈≈.#≈≈≈.#≈.≈.#
##≈≈≈## ≈..≈≈#.≈≈##≈≈≈##
≈#≈.≈≈## ≈...#≈≈≈#≈≈≈≈#
.##≈≈≈≈### #†≈##≈.##≈≈≈##
.≈##≈≈≈≈÷#######FF#≈.##÷.≈≈#
.≈.###..÷≈..≈≈..@##≈≈#≈≈≈≈##
≈≈≈.≈####≈≈≈≈≈≈..#≈≈≈≈≈≈≈##
#≈≈≈≈..≈#≈∩≈#######≈≈≈####
####.≈≈≈#####≈.≈≈≈#≈≈##
∩≈.####≈÷≈≈≈≈≈≈≈≈≈####
#≈...≈#########≈≈≈#
###.∩..≈≈≈†.≈≈≈≈..#
#####.≈.÷†≈††..≈#
#############


You could see 2 bullfrogs.

Vanquished Creatures
  A bullfrog skeleton (D:4)
  12 adders
  A river rat (D:4)
  6 oozes
  13 leopard geckos (Sewer)
  11 ball pythons
  A bat (D:2)
  5 giant cockroaches (Sewer)
  4 goblins
  5 hobgoblins
  3 jackals (D:2)
  A quokka (D:2)
  14 frilled lizards
  4 kobolds (D:2)
  4 rats
85 creatures vanquished.

Notes
Turn   | Place    | Note
-------+----------+-------------------------------------------
     0 | D:1      | schauveau the Centaur Hunter began the quest for the Orb.
     0 | D:1      | Reached XP level 1. HP: 17/17 MP: 1/1
   308 | D:2      | Reached XP level 2. HP: 24/24 MP: 0/2
   405 | D:2      | Found a blossoming altar of Fedhas.
   414 | D:2      | Reached skill level 1 in Short Blades
   500 | D:2      | Reached skill level 6 in Bows
   500 | D:2      | Reached XP level 3. HP: 4/29 MP: 1/3
   904 | D:2      | Found a faded altar of an unknown god.
  1242 | D:3      | Found a stormy altar of Qazlal.
  1275 | D:4      | Found a glowing drain.
  1341 | D:4      | Reached XP level 4. HP: 14/37 MP: 4/4
  1483 | Sewer    | Entered a sewer
  1756 | Sewer    | Reached skill level 1 in Armour
  2057 | Sewer    | Reached XP level 5. HP: 36/42 MP: 5/5
  3644 | Sewer    | Slain by a bullfrog

Skill      XL: |  1  2  3  4  5 |
---------------+----------------+-----
Short Blades   | 1 2 |  2.9
Bows           | 6 |  6.4
Armour         | 1 |  1.6
Fighting       | 3 |  3.0
Dodging        | |  1.9
Stealth        | |  0.4

Action                   |  1- 3 |  4- 6 || total
-------------------------+-------+-------++-------
Melee: Dagger            |    63 |   166 ||   229
       Kick              |    10 |    25 ||    35
 Fire: Shortbow          |    23 |     2 ||    25
  Eat: Chunk             |     1 |     7 ||     8
Armor: Leather armour    |    28 |    76 ||   104
Dodge: Dodged            |    33 |    85 ||   118
